Map: 벨시르 잔재 (공허)

Players

TREVI - Winner!

  • Race: Protoss Protoss
  • League: Grandmaster
  • Spawn Location: 5:00

Queen

  • Race: Terran Terran
  • League: Master
  • Spawn Location: 11:00

VOD

Have the link to the VOD?

Description

Time

  • Played on: March 12, 2017, 8:01 p.m.
  • Length: 9:26
Show
View Real Time Build Order
Export as new Build Order

TREVI Protoss - Winner!

Build Orders: 1 Gate Expand, Oracle Opening, Phoenix Opening 

Get SALT Encoding   

  12  0:00  Probe (Chrono Boost)  
  13  0:11  Probe (Chrono Boost)  
  14  0:16  Pylon  
  14  0:21  Probe (Chrono Boost)  
  15  0:35  Gateway, Probe (Chrono Boost)  
  16  0:42  Assimilator  
  16  0:45  Probe (Chrono Boost)  
  17  0:56  Probe (Chrono Boost)  
  18  1:14  Nexus  
  18  1:24  Cybernetics Core  
  18  1:26  Probe (Chrono Boost)  
  18  1:31  Assimilator  
  19  1:37  Probe (Chrono Boost)  
  20  1:43  Pylon  
  20  1:47  Probe (Chrono Boost)  
  21  1:58  Adept  
  21  1:59  Probe (Chrono Boost)  
  24  2:12  Probe (Chrono Boost)  
  25  2:21  Stargate, Adept  
  26  2:24  Probe (Chrono Boost)  
  26  2:26  Probe (Chrono Boost)  
  29  2:36  Probe x2 (Chrono Boost)  
  31  2:40  Warp Gate  
  31  2:48  Probe (Chrono Boost)  
  31  2:49  Probe (Chrono Boost)  
  35  3:00  Probe x2 (Chrono Boost)  
  35  3:02  Oracle  
  35  3:12  Probe x2 (Chrono Boost)  
  40  3:17  Pylon  
  40  3:19  Adept  
  42  3:20  Assimilator  
  42  3:24  Probe x2 (Chrono Boost)  
  44  3:28  Pylon  
  44  3:36  Phoenix, Probe (Chrono Boost)  
  44  3:37  Probe (Chrono Boost)  
  48  3:47  Probe (Chrono Boost)  
  50  3:48  Probe (Chrono Boost)  
  50  3:55  Nexus  
  50  3:57  Phoenix, Pylon  
  50  4:01  Probe (Chrono Boost)  
  50  4:02  Probe (Chrono Boost)  
  54  4:15  Probe x2 (Chrono Boost)  
  56  4:21  Forge, Twilight Council  
  56  4:24  Phoenix  
  56  4:26  Mothership Core (Chrono Boost)  
  56  4:30  Assimilator  
  60  4:38  Pylon  
  60  4:39  Pylon  
  61  4:46  Probe (Chrono Boost)  
  61  4:47  Phoenix  
  61  4:50  Resonating Glaives  
  61  4:52  Protoss Ground Weapons Level 1  
  60  5:02  Gateway, Probe (Chrono Boost)  
  60  5:04  Gateway  
  60  5:07  Photon Cannon  
  61  5:09  Probe (Chrono Boost)  
  61  5:12  Probe (Chrono Boost)  
  63  5:22  Pylon  
  63  5:25  Adept, Probe x2 (Chrono Boost)  
  67  5:30  Gateway  
  67  5:33  Gateway  
  67  5:34  Phoenix  
  69  5:36  Gateway  
  71  5:43  Probe x2 (Chrono Boost)  
  71  5:46  Pylon  
  71  5:48  Adept  
  73  5:54  Pylon  
  73  5:57  Oracle  
  73  5:59  Gateway x2  
  76  6:05  Adept x2  
  76  6:08  Probe (Chrono Boost)  
  81  6:11  Adept  
  83  6:18  Pylon  
  83  6:25  Robotics Facility  
  83  6:26  Adept x3  
  83  6:32  Phoenix  
  89  6:35  Protoss Ground Armor Level 1  
  91  6:43  Adept x3  
  91  6:44  Pylon  
  91  6:46  Pylon  
  97  6:59  Adept x4  
  97  7:00  Adept  
  107  7:06  Adept  
  107  7:07  Adept x2  
  113  7:09  Observer  
  114  7:26  Warp Prism  
  114  7:36  Adept x4  
  122  7:37  Adept x3  
  122  7:39  Adept  
  130  7:45  Phoenix  
  132  8:02  Adept x5  
  132  8:03  Adept x3  
  132  8:05  Pylon  
  148  8:07  Pylon  
  148  8:21  Pylon  
  148  8:28  Adept x7  
  121  8:56  Adept x8  
Show
View Real Time Build Order
Export as new Build Order

Queen Terran 

Build Orders: MMM Bio 

Get SALT Encoding   

  12  0:01  SCV  
  13  0:13  SCV  
  14  0:17  Supply Depot  
  14  0:25  SCV  
  15  0:29  Refinery  
  15  0:39  SCV  
  16  0:45  Barracks  
  16  0:53  SCV  
  17  1:05  SCV  
  18  1:17  SCV  
  19  1:32  Orbital Command, Reaper  
  20  1:43  Command Center  
  20  1:55  Factory  
  20  1:58  SCV  
  21  2:04  Refinery  
  21  2:08  Barracks Reactor  
  21  2:11  SCV  
  21  2:14  Supply Depot  
  22  2:24  SCV  
  23  2:36  SCV  
  24  2:43  Starport  
  24  2:44  Marine  
  24  2:45  Marine  
  24  2:46  Widow Mine  
  24  2:50  SCV  
  29  2:57  Orbital Command  
  29  3:02  Marine x2  
  29  3:03  SCV  
  32  3:15  Widow Mine, SCV  
  35  3:20  Medivac  
  35  3:22  Marine x2  
  40  3:27  SCV x2  
  41  3:34  Supply Depot  
  41  3:39  SCV  
  41  3:40  SCV  
  42  3:48  Marine x2  
  42  3:49  Widow Mine  
  46  3:55  Viking, SCV x2  
  46  3:57  Supply Depot  
  50  4:08  SCV x2  
  50  4:20  SCV x2  
  50  4:21  Marine x2, Factory Tech Lab  
  54  4:32  SCV x2  
  54  4:36  Command Center  
  56  4:44  SCV  
  56  4:45  SCV  
  58  4:48  Starport Reactor  
  58  4:49  Barracks x2  
  58  4:54  Factory Reactor  
  58  4:56  SCV  
  58  4:57  SCV  
  56  5:01  Stimpack  
  56  5:03  Refinery  
  56  5:04  Refinery  
  56  5:06  Supply Depot  
  56  5:08  SCV  
  56  5:10  SCV  
  58  5:14  Engineering Bay  
  58  5:20  SCV  
  59  5:22  Barracks  
  59  5:23  Barracks  
  59  5:24  Marine  
  59  5:28  SCV  
  61  5:32  SCV  
  61  5:33  Starport Reactor  
  62  5:37  Marine, Supply Depot  
  62  5:38  Supply Depot  
  62  5:40  Widow Mine, SCV  
  62  5:41  Widow Mine, Terran Infantry Weapons Level 1  
  68  5:44  SCV  
  68  5:47  Orbital Command  
  69  5:52  SCV  
  69  5:53  Marine x3  
  69  5:56  SCV  
  74  6:00  Missile Turret  
  74  6:03  Supply Depot  
  74  6:04  SCV  
  74  6:07  Supply Depot  
  74  6:08  SCV  
  74  6:09  Widow Mine  
  74  6:10  Widow Mine  
  80  6:16  SCV  
  81  6:20  Medivac x2  
  81  6:21  Barracks Tech Lab x2  
  86  6:28  Marine x4  
  86  6:32  Orbital Command  
  89  6:37  Widow Mine  
  89  6:38  Supply Depot x2  
  89  6:39  Widow Mine  
  93  6:41  Concussive Shells  
  93  6:42  Combat Shields  
  93  6:44  Marauder  
  93  6:45  Marine  
  97  6:54  SCV  
  97  6:59  Missile Turret  
  97  7:01  Marine x2, Marauder  
  97  7:05  Marauder, SCV x2  
  97  7:06  SCV  
  106  7:09  Marine x2  
  106  7:10  Marauder  
  106  7:12  Widow Mine  
  106  7:14  Armory  
  106  7:15  Engineering Bay  
  112  7:17  SCV  
  112  7:19  Marine  
  112  7:22  SCV  
  115  7:25  Marine, Missile Turret  
  115  7:26  Marauder  
  118  7:31  SCV x2  
  118  7:34  Marine x2, SCV  
  118  7:35  Marine, Marauder  
  126  7:43  SCV  
  127  7:47  Marauder  
  127  7:48  SCV x2  
  127  7:51  Supply Depot  
  131  7:53  Marauder  
  131  7:54  Supply Depot  
  131  7:56  Missile Turret  
  133  8:05  Supply Depot  
  133  8:07  Ghost Academy  
  133  8:12  Marine x2, Refinery, Medivac x2  
  141  8:13  Marauder  
  141  8:15  SCV  
  138  8:20  SCV  
  139  8:35  SCV x2  
  139  8:37  Marine x2  
  139  8:38  Marauder x3, Marine x2  
  121  8:55  Marine x2  
  96  8:56  Marine x2  
  96  8:58  SCV x2  
  96  8:59  Marauder x2  
  96  9:00  Marauder  
  98  9:07  SCV  
Tags
 
Add a new tag
Caveats
  • Supply blocks, unpowered buildings, or Contaminate may cause inaccurate times.
  • Supply counts are checked every 10 seconds.